 Dungeon Crawl Stone Soup version 0.28.0-53-g5a82cb258f (webtiles) character file.

Game seed: 1012356860035446763

112 Sin92 the Skirmisher (level 4, -2/54 HPs)
             Began as a Demonspawn Fighter on June 16, 2022.
             Slain by a ball python (3 damage)
             ... on level 3 of the Dungeon.
             The game lasted 00:02:01 (2301 turns).

Sin92 the Skirmisher (Demonspawn Fighter)           Turns: 2301, Time: 00:02:02

Health: -2/54      AC:  6    Str: 17    XL:     4   Next: 64%
Magic:  4/4        EV:  6    Int:  9    God:
Gold:   129        SH:  5    Dex: 14    Spells: 3/3 levels left

rFire   . . .      SeeInvis .   a - +0 long sword
rCold   . . .      Faith    .   c - +0 buckler
rNeg    . . .      Spirit   .   b - +0 scale mail
rPois   .          Reflect  .   (no helmet)
rElec   .          Harm     .   (no cloak)
rCorr   .          Rampage  .   (no gloves)
Will    .....                   (no boots)
Stlth   ..........              (no amulet)
HPRegen 0.18/turn               f - ring of flight
MPRegen 0.09/turn               (no ring)

@: berserking, attractive, flying, constricted, very quick
A: foul stench 1, weakness stinger 1
a: no special abilities


You were on level 3 of the Dungeon.
You visited 1 branch of the dungeon, and saw 3 of its levels.

You collected 129 gold pieces.

Inventory:

Hand Weapons
 a - a +0 long sword (weapon)
Armour
 b - a +0 scale mail (worn)
 c - a +0 buckler (worn)
Jewellery
 f - a ring of flight (left hand)
 h - a ring of fire
Scrolls
 j - a scroll of identify {unknown}
 l - a scroll of fear {unknown}
 o - a scroll of fog {unknown}
Potions
 d - a potion of might
 i - a potion of haste
 k - 2 potions of attraction
 n - a potion of lignification {unknown}


   Skills:
 + Level 3.6 Fighting
 + Level 2.4 Long Blades
 + Level 3.2 Armour
 + Level 1.4 Dodging
 + Level 3.2 Shields


You had 3 spell levels left.
You didn't know any spells.
Your spell library contained the following spells:

 Spells                   Type           Power      Damage    Failure   Level
 Magic Dart               Conj           0%         1d3       87%         1
 Call Imp                 Summ           0%         N/A       95%         2
 Mephitic Cloud           Conj/Pois/Air  0%         N/A       99%         3


Dungeon Overview and Level Annotations

Branches:
Dungeon (3/15)

Altars:
Dithmenos

Shops:
D:1 =


Innate Abilities, Weirdness & Mutations

You may rarely emit foul miasma when damaged in melee.
You have a small tail.


Message History

The ball python bites the bush but does no damage.
The orc hits you but does no damage.
The kobold hits the bush with a +0 dagger.
You slash the goblin!
You kill the goblin!
The ball python bites the bush but does no damage.
The orc hits the bush with a +0 short sword of electrocution.
The orc hits you from afar with a +0 trident.
The kobold hits the bush but does no damage.
The orc hits you with a +0 club.
The orc hits the bush but does no damage.
The ball python bites the bush but does no damage.
The orc hits you with a +0 short sword.
* * * LOW HITPOINT WARNING * * *
The kobold hits the bush but does no damage.
The orc hits you with a +0 short sword.
* * * LOW HITPOINT WARNING * * *
The orc hits the bush but does no damage.
Unknown command.
It was a potion of attraction.
You feel attractive to monsters. The orc hits you with a +0 club.
* * * LOW HITPOINT WARNING * * *
The kobold is attracted toward you.
It was a potion of berserk rage.
A red film seems to cover your vision as you go berserk!
You feel yourself moving faster!
You feel mighty! The orc closely misses you. The ball python barely misses you.
The ball python grabs you. The ball python constricts you.
The kobold is attracted toward you.
You slash the kobold!
You kill the kobold!
The orc hits you from afar with a +0 trident!
* * * LOW HITPOINT WARNING * * *
The orc barely misses you. The ball python closely misses you.
The ball python constricts you.
You closely miss the orc.
The orc hits you from afar with a +0 trident.
* * * LOW HITPOINT WARNING * * *
The ball python bites you.
You die...

##### ....#
####....#
####<......#
#....))....#
#.##.......##
#.##..#.......
#>..)@#.......
#..§So#.......
####oo#...####
#§.o...#
##..o..#
#.P...#
#)P...##
#.P....#
#.P.?#.#


You could see 4 orcs and a ball python.

Vanquished Creatures
  A hound (D:2)
  An adder (D:2)
  3 dart slugs
  6 ball pythons
  10 bats
  4 endoplasms
  2 giant cockroaches
  5 goblins
  8 hobgoblins
  6 jackals
  2 quokkas (D:1)
  A frilled lizard (D:1)
  5 kobolds
  4 rats
58 creatures vanquished.

Notes
Turn   | Place    | Note
-------+----------+-------------------------------------------
     0 | D:1      | Sin92 the Demonspawn Fighter began the quest for the Orb.
     0 | D:1      | Reached XP level 1. HP: 18/18 MP: 1/1
    23 | D:1      | You fall into a shaft and drop 1 floor!
   264 | D:1      | Gained mutation: You have a small tail. [demonic ancestry]
   264 | D:1      | Reached XP level 2. HP: 12/24 MP: 2/2
   426 | D:1      | Found Siukhles's Jewellery Shoppe.
   463 | D:1      | Found a faded altar of an unknown god.
   609 | D:1      | Gained mutation: You may rarely emit foul miasma when
                  | damaged in melee. [demonic ancestry]
   609 | D:1      | Reached XP level 3. HP: 24/29 MP: 3/3
   893 | D:1      | Reached skill level 1 in Dodging
  1785 | D:2      | Reached XP level 4. HP: 23/35 MP: 4/4
  2265 | D:3      | Found a shadowy altar of Dithmenos.
  2300 | D:3      | HP: 2/54 [orc/+0 trident (7)]
  2301 | D:3      | Slain by a ball python

Illustrated notes

Levels and vault maps discovered:
D:1:      mushboom_english_gardens, layout_loops_ring,
          hellmonk_ecumenical_altar_blasted, serial_shops, shop,
          chequers_serial_rivers_small_3, minmay_tetromino_i4
D:2:      layout_loops_ring, kennysheep_generic_room_13
D:3:      layout_basic, mainiacjoe_overflow_boulevard,
          mainiacjoe_overflow_tiny_flanked

Skill      XL: |  1  2  3 |
---------------+----------+-----
Long Blades    | 2 |  2.4
Shields        | 3 |  3.2
Armour         | 3 |  3.2
Dodging        | 1 |  1.4
Fighting       | |  3.6

Action                   |  1- 3 |  4- 6 || total
-------------------------+-------+-------++-------
Melee: Long sword        |   143 |    32 ||   175
       Tailslap          |     8 |     2 ||    10
  Use: Potion            |     3 |     2 ||     5
Armor: Scale mail        |   112 |    16 ||   128
Dodge: Dodged            |    82 |    23 ||   105
Block: Buckler           |    49 |    15 ||    64
